 Dungeon Crawl Stone Soup version 0.23.1-42-g8abd8fc (webtiles) character file.

Game seed: 2263644058085499079

357 xccam the Insei (level 6, -10/40 HPs)
             Began as an Octopode Transmuter on Mar 30, 2019.
             Mangled by an ogre
             ... wielding a +0 giant club
              (28 damage)
             ... on level 5 of the Dungeon.
             The game lasted 00:09:18 (3979 turns).

xccam the Insei (Octopode Transmuter)               Turns: 3979, Time: 00:09:19

Health: -10/40     AC:  1    Str: 11    XL:     6   Next: 64%
Magic:  5/10       EV: 13    Int: 16    God:
Gold:   256        SH:  0    Dex: 12    Spells: 7/10 levels left

rFire    . . .     SeeInvis .     - Unarmed
rCold    . . .     Gourm    .   (no shield)
rNeg     . . .     Faith    .   (helmet restricted)
rPois    .         Spirit   .   j - amulet of the acrobat
rElec    .         Reflect  .   b - ring of resist corrosion
rCorr    +         Harm     .   (no ring)
MR       .....                  (no ring)
Stlth    ++........             (no ring)
HPRegen  0.13/turn              (no ring)
MPRegen  0.12/turn              (no ring)
                                (no ring)
                                (no ring)

@: appendage
A: almost no armour, stealthy swim, amphibious, 8 rings, constrict 8, tentacle
spike 3, camouflage 1, gelatinous body 1
a: End Transformation


You were on level 5 of the Dungeon.
You were not hungry.
One of your tentacles had a temporary spike.
You visited 1 branch of the dungeon, and saw 5 of its levels.

You collected 256 gold pieces.

Inventory:

Missiles
 a - 74 arrows
Armour
 h - a +0 buckler
Jewellery
 b - a ring of resist corrosion (left tentacle)
 j - an amulet of the acrobat (around mantle)
 q - an uncursed ring of fire
Wands
 l - a wand of acid (6)
 o - a wand of paralysis (7)
Scrolls
 d - a scroll of blinking {unknown}
 e - a scroll of random uselessness {unknown}
 i - 3 scrolls of teleportation {unknown}
 k - 3 scrolls of magic mapping {unknown}
 n - 2 scrolls of fear {unknown}
 r - a scroll of identify
 s - 2 scrolls of amnesia {unknown}
 v - 2 scrolls of remove curse {unknown}
Potions
 f - a potion of curing
 g - a potion of heal wounds
 m - a potion of haste
 p - a potion of ambrosia
 t - a potion of flight
 w - a potion of agility {unknown}
 x - 2 potions of lignification {unknown}
Comestibles
 c - 7 rations
 u - 3 chunks of flesh


   Skills:
 + Level 2.3 Fighting
 - Level 2.0 Dodging
 - Level 6.0 Unarmed Combat
 + Level 2.8 Spellcasting
 + Level 3.0 Transmutations


You had 7 spell levels left.
You knew the following spells:

 Your Spells              Type           Power        Failure   Level  Hunger
a - Beastly Appendage     Tmut           ##....       5%          1    #......
b - Sticks to Snakes      Tmut           ##......     9%          2    ##.....

Your spell library contained the following spells:

 Spells                   Type           Power        Failure   Level  Hunger
 Animate Skeleton         Necr           N/A          19%         1    #......
 Pain                     Necr           #...         19%         1    #......
 Spider Form              Tmut/Pois      #.........   30%         3    ###....
 Regeneration             Chrm/Necr      #.........   50%         3    ###....
 Vampiric Draining        Necr           #.........   50%         3    ###....
 Ice Form                 Ice/Tmut       #.......     71%         4    #####..
 Blade Hands              Tmut           ##........   83%         5    ######.
 Animate Dead             Necr           N/A          88%         4    #####..


Dungeon Overview and Level Annotations

Branches:
Dungeon (5/15)
 Temple: D:4-7

Altars:
Cheibriados
Dithmenos
Elyvilon
Fedhas
Kikubaaqudgha


Innate Abilities, Weirdness & Mutations

You cannot wear most types of armour.
You are very stealthy in the water. (Stealth+)
You are amphibious.
You can wear up to eight rings at the same time.
You can use your tentacles to constrict eight enemies at once.
Your skin changes colour to match your surroundings (Stealth+).
Your rubbery body absorbs attacks. (AC +1, EV +1)
One of your tentacles bears a large vicious spike.


Message History

One of your tentacles grows a vicious spike.
The ogre misses you.
You barely miss the ogre.
Your adder bites the ogre. x2; The ogre is poisoned.
Your adder poisons the ogre!
Unknown command.
You barely miss the ogre.
You pierce the ogre.
The ogre is moderately wounded.
The ogre hits you with a +0 giant club!!
Ouch! That really hurt!
Your adder bites the ogre.
You hear a shout!
Unknown command.
You tentacle-slap the ogre.
Your tentacle spike misses the ogre.
You squeeze the ogre.
The ogre is severely wounded.
Your adder bites the ogre.
The ogre looks as sick as possible!
Your adder poisons the ogre!
The ogre hits you with a +0 giant club!!
Ouch! That really hurt!
You die...

## ..< ###.. #
.... ###.# #
#..##..?...
#..OS.##.#
##..#@....#
#...#...###
#.##.# . ##...#
#. ##.## #.#
##.###### ..#
##(........ #
#.###.......###
##.###.#.#.####.#


You could see an ogre and a friendly adder.

Vanquished Creatures
  A bullfrog skeleton (D:4)
  Terence (D:2)
  An orc wizard (D:3)
  Jessica (D:2)
  2 worker ants (D:4)
  A howler monkey skeleton (D:3)
  7 adders
  3 oozes
  An adder skeleton (D:4)
  2 worms (D:3)
  2 dart slugs
  3 leopard geckos
  9 orcs
  3 bat skeletons (D:2)
  3 bat zombies (D:2)
  A giant cockroach (D:5)
  11 goblins
  8 hobgoblins
  11 jackals
  6 kobolds
  2 ball pythons
  10 bats
  4 frilled lizards
  7 rats
100 creatures vanquished.

Notes
Turn   | Place    | Note
-------+----------+-------------------------------------------
     0 | D:1      | xccam the Octopode Transmuter began the quest for the Orb.
     0 | D:1      | Reached XP level 1. HP: 13/13 MP: 3/3
   391 | D:1      | Reached XP level 2. HP: 18/18 MP: 5/5
   600 | D:1      | Reached skill level 4 in Unarmed Combat
   726 | D:1      | Reached XP level 3. HP: 23/23 MP: 6/6
  1196 | D:2      | Noticed Terence
  1209 | D:2      | Reached XP level 4. HP: 21/28 MP: 5/7
  1216 | D:2      | Killed Terence
  1216 | D:2      | Reached skill level 5 in Unarmed Combat
  1758 | D:2      | Found a faded altar of an unknown god.
  1818 | D:2      | Noticed Jessica
  1820 | D:2      | Reached XP level 5. HP: 24/33 MP: 8/8
  1832 | D:2      | Killed Jessica
  1958 | D:2      | Found an ancient bone altar of Kikubaaqudgha.
  2246 | D:3      | Learned a level 2 spell: Sticks to Snakes
  2274 | D:3      | Found a blossoming altar of Fedhas.
  2319 | D:3      | Reached skill level 6 in Unarmed Combat
  2424 | D:3      | Found a shadowy altar of Dithmenos.
  2885 | D:3      | Reached XP level 6. HP: 29/38 MP: 9/9
  3088 | D:4      | Found a white marble altar of Elyvilon.
  3287 | D:4      | Found a snail-covered altar of Cheibriados.
  3879 | D:5      | Entered Level 5 of the Dungeon
  3979 | D:5      | Mangled by an ogre

Skill      XL: |  1  2  3  4  5  6 |
---------------+-------------------+-----
Unarmed Combat | 4 5 6 |  6.0
Fighting       | 2 |  2.3
Transmutations | 3 |  3.0
Dodging        | |  2.0
Spellcasting   | |  2.8

Action                   |  1- 3 |  4- 6 || total
-------------------------+-------+-------++-------
Melee: Unarmed           |    80 |   160 ||   240
       Constrict         |    25 |    40 ||    65
       Tentacles         |    11 |    24 ||    35
       Punch             |     3 |     2 ||     5
       Kick              |     5 |    11 ||    16
 Cast: Beastly Appendage |     4 |     9 ||    13
       Sticks to Snakes  |       |     4 ||     4
Evoke: Wand              |       |     1 ||     1
  Use: Potion            |       |     2 ||     2
       Scroll            |       |     3 ||     3
 Stab: Sleeping          |     5 |    11 ||    16
  Eat: Chunk             |     1 |     9 ||    10
Armor: Skin              |    13 |     9 ||    22
Dodge: Dodged            |    50 |    87 ||   137
